 Dungeon Crawl Stone Soup version 0.22.0-38-g04b72b8 (webtiles) character file.

1397372 George the Conqueror (level 27, -3/241 (245) HPs)
             Began as a Minotaur Fighter on Aug 26, 2018.
             Was the Champion of the Shining One.
             Succumbed to an ushabti's dark miasma
             ... on level 3 of the Tomb of the Ancients on Aug 28, 2018.
             The game lasted 06:00:52 (109703 turns).

George the Conqueror (Minotaur Fighter)           Turns: 109703, Time: 06:00:52

HP:   -3/241 (245)  AC: 45    Str: 21 (23) XL:     27
MP:   16/29         EV: 30    Int:  1 (3)  God:    the Shining One [******]
Gold: 11267         SH: 32    Dex: 11 (22) Spells: 57/58 levels left

rFire    + + +     SeeInvis .   Q - +9 eudemon blade (holy)
rCold    + + .     Gourm    .   c - +0 large shield {rN+}
rNeg     + + +     Faith    .   L - +12 gold dragon scales
rPois    +         Spirit   .   e - +2 hat of Ipeim {rF+++ MR+ Dex-3}
rElec    +         Reflect  +   u - scarf {rC+ rF+}
rCorr    .         Harm     .   h - +2 pair of gloves of the Garden {rF- rC- MR+++ Regen+}
MR       +++++     Rnd*Rage +   M - +2 pair of boots {run}
Stlth    ..........             B - amulet "Ewiaghid" {Reflect rElec Dex+4 SH+6}
HPRegen  0.00/turn              G - +6 ring of evasion
MPRegen  0.21/turn              V - ring of Phasing {EV+8}

@: lethally poisoned (-3 -> -55), non-regenerating, mildly diseased, slowed,
glowing, very slow
A: retaliatory headbutt, horns 2, talons 1, icy blue scales 1, thin skeletal
structure 1, berserk 1, cold resistance 1, deformed body, deterioration 2, dopey
1, frail 1, low mp 3, screaming 2, weak 1, subdued magic 2, sturdy frame 1
}: 14/15 runes: decaying, serpentine, slimy, silver, iron, obsidian, icy, bone,
abyssal, demonic, glowing, magical, fiery, dark
a: Divine Shield, Cleansing Flame, Summon Divine Warrior, Brand Weapon With Holy
Wrath, Renounce Religion


You were on level 3 of the Tomb of the Ancients.
You worshipped the Shining One.
The Shining One was exalted by your worship.
You were very hungry.

You visited 18 branches of the dungeon, and saw 89 of its levels.
You visited Pandemonium 1 time, and saw 15 of its levels.
You visited the Abyss 2 times.
You visited 1 bazaar.
You also visited: Labyrinth, Bailey, Ice Cave, Volcano and Wizlab.

You collected 12906 gold pieces.
You spent 1639 gold pieces at shops.

Inventory:

Hand Weapons
 Q - a +9 eudemon blade of holy wrath (weapon)
Armour
 c - a +0 large shield of positive energy (worn)
 e - the +2 hat of Ipeim (worn) {rF+++ MR+ Dex-3}
   (You acquired it on level 3 of the Abyss)

   It affects your dexterity (-3).
   It renders you almost immune to fire.
   It affects your resistance to hostile enchantments.
 h - the +2 pair of gloves of the Garden (worn) {rF- rC- MR+++ Regen+}
   (You found it in Pandemonium)

   It makes you vulnerable to fire.
   It makes you vulnerable to cold.
   It affects your resistance to hostile enchantments.
   It increases your rate of regeneration.
 n - a +2 pair of gloves of strength
 u - a scarf of resistance (worn)
 E - a +2 pair of boots of flying
 L - +12 gold dragon scales (worn)
 M - a +2 pair of boots of running (worn)
Jewellery
 g - the amulet of the Shining Light {Spirit Fragile +Blink Str+3 Slay+6}
   (You took it off a seraph in Pandemonium)

   [amulet of guardian spirit]

   It causes incoming damage to be split between your health and magic.
   It affects your strength (+3).
   It affects your accuracy and damage with ranged weapons and melee attacks
   (+6).
   It lets you blink.
   It will be destroyed if unequipped.
 t - the ring "Maesy" {rC+ MR+ Slay+5}
   (You found it on level 7 of Cocytus)

   [ring of protection from cold]

   It affects your accuracy and damage with ranged weapons and melee attacks
   (+5).
   It protects you from cold.
   It affects your resistance to hostile enchantments.
 B - the amulet "Ewiaghid" (around neck) {Reflect rElec Dex+4 SH+6}
   (You found it on level 4 of the Dungeon)

   [amulet of reflection]

   It shields you and reflects attacks.
   It affects your dexterity (+4).
   It insulates you from electricity.
   It affects your SH (+6).
 G - a +6 ring of evasion (left hand)
 V - the ring of Phasing (right hand) {EV+8}
   (You took it off a spriggan on level 1 of the Lair of Beasts)

   [ring of evasion]

   It affects your evasion (+8).
 W - an uncursed ring of see invisible
 X - an uncursed ring of resist corrosion
Wands
 o - a wand of disintegration (133)
 p - a wand of paralysis (87)
 q - a wand of digging (29)
 y - a wand of acid (56)
 D - a wand of scattershot (10)
 K - a wand of iceblast (89)
Scrolls
 b - 6 scrolls of magic mapping
 i - 23 scrolls of identify
 l - 12 scrolls of fog
 m - a scroll of brand weapon
 r - 47 scrolls of teleportation
 s - 38 scrolls of remove curse
 w - a scroll of enchant weapon
 A - 6 scrolls of summoning
 F - 3 scrolls of enchant armour
 N - 8 scrolls of blinking
 P - 3 scrolls of holy word
 S - 8 scrolls of fear
 T - 4 scrolls of silence
 Y - 4 scrolls of immolation
Potions
 d - 11 potions of might
 j - 9 potions of haste
 k - 11 potions of cancellation
 v - 43 potions of curing
 x - 14 potions of agility
 C - a potion of heal wounds
 O - 5 potions of resistance
Miscellaneous
 a - a fan of gales
 z - a lightning rod (4/4)
 J - a phial of floods
 Z - a lamp of fire
Comestibles
 f - 107 rations


   Skills:
 O Level 27 Fighting
 O Level 27 Long Blades
 O Level 27 Armour
 O Level 27 Dodging
 O Level 27 Shields
 + Level 16.1 Spellcasting
 + Level 9.8 Translocations
 O Level 27 Invocations
 O Level 27 Evocations


You had 57 spell levels left.
You knew the following spells:

 Your Spells              Type           Power        Failure   Level  Hunger
a - Apportation           Tloc           #.....       1%          1    ##.....

Your spell library contained the following spells:

 Spells                   Type           Power        Failure   Level  Hunger
 Blink                    Tloc           N/A          1%          2    ###....
 Gell's Gravitas          Tloc           #.........   2%          3    ####...
 Lesser Beckoning         Tloc           #.........   2%          3    ####...
 Teleport Other           Tloc           #.......     2%          3    ####...
 Passage of Golubria      Tloc           N/A          11%         4    #####..
 Shroud of Golubria       Chrm/Tloc      #.........   13%         2    ###....
 Portal Projectile        Hex/Tloc       #.....       26%         3    ####...
 Recall                   Summ/Tloc      N/A          26%         3    ####...
 Animate Skeleton         Necr           N/A          56%         1    ##.....
 Beastly Appendage        Tmut           #.....       56%         1    ##.....
 Confusing Touch          Hex            #.....       56%         1    ##.....
 Corona                   Hex            #......      56%         1    ##.....
 Flame Tongue             Conj/Fire      #....        56%         1    ##.....
 Freeze                   Ice            #...         56%         1    ##.....
 Infusion                 Chrm           #...         56%         1    ##.....
 Magic Dart               Conj           #...         56%         1    ##.....
 Sandblast                Erth           #.....       56%         1    ##.....
 Shock                    Conj/Air       #...         56%         1    ##.....
 Sting                    Conj/Pois      #...         56%         1    ##.....
 Summon Butterflies       Summ           #.......     56%         1    ##.....
 Summon Small Mammal      Summ           #...         56%         1    ##.....
 Force Lance              Conj/Tloc      #.......     67%         4    #####..
 Call Imp                 Summ           #.......     73%         2    ###....
 Corpse Rot               Necr           N/A          73%         2    ###....
 Ensorcelled Hibernation  Hex/Ice        #.....       73%         2    ###....
 Passwall                 Tmut/Erth      #.......     73%         2    ###....
 Poisonous Vapours        Pois/Air       #.....       73%         2    ###....
 Searing Ray              Conj           #.....       73%         2    ###....
 Slow                     Hex            #.......     73%         2    ###....
 Song of Slaying          Chrm           #.......     73%         2    ###....
 Sticks to Snakes         Tmut           #.......     73%         2    ###....
 Sublimation of Blood     Necr           #.........   73%         2    ###....
 Swiftness                Chrm/Air       #.......     73%         2    ###....
 Throw Flame              Conj/Fire      #.....       73%         2    ###....
 Throw Frost              Conj/Ice       #.....       73%         2    ###....
 Call Canine Familiar     Summ           #.......     92%         3    ####...
 Confuse                  Hex            #.......     92%         3    ####...
 Conjure Flame            Conj/Fire      #.......     92%         3    ####...
 Dazzling Spray           Conj/Hex       #.....       92%         3    ####...
 Ignite Poison            Fire/Tmut/Pois #.......     92%         3    ####...
 Inner Flame              Hex/Fire       #.......     92%         3    ####...
 Mephitic Cloud           Conj/Pois/Air  #.......     92%         3    ####...
 Ozocubu's Armour         Chrm/Ice       #.......     92%         3    ####...
 Regeneration             Chrm/Necr      #.........   92%         3    ####...
 Spectral Weapon          Hex/Chrm       #.......     92%         3    ####...
 Spider Form              Tmut/Pois      #.........   92%         3    ####...
 Static Discharge         Conj/Air       #.......     92%         3    ####...
 Stone Arrow              Conj/Erth      #.....       92%         3    ####...
 Summon Guardian Golem    Hex/Summ       #.......     92%         3    ####...
 Tukima's Dance           Hex            #.......     92%         3    ####...
 Summon Forest            Summ/Tloc      #.........   95%         5    ######.
 Airstrike                Air            #.........   100%        4    #####..
 Animate Dead             Necr           N/A          100%        4    #####..
 Cause Fear               Hex            #.........   100%        4    #####..
 Fulminant Prism          Conj/Hex       #.........   100%        4    #####..
 Ice Form                 Ice/Tmut       #.......     100%        4    #####..
 Iskenderun's Mystic Bla  Conj           #.......     100%        4    #####..
 Leda's Liquefaction      Hex/Erth       #.........   100%        4    #####..
 Petrify                  Tmut/Erth      #.......     100%        4    #####..
 Sticky Flame             Conj/Fire      #.......     100%        4    #####..
 Summon Ice Beast         Ice/Summ       #.......     100%        4    #####..
 Summon Lightning Spire   Summ/Air       #.......     100%        4    #####..
 Throw Icicle             Conj/Ice       #.......     100%        4    #####..
 Alistair's Intoxication  Tmut/Pois      #.......     100%        5    ######.
 Aura of Abjuration       Summ           #.........   100%        5    ######.
 Blade Hands              Tmut           #.........   100%        5    ######.
 Bolt of Magma            Conj/Fire/Erth #.........   100%        5    ######.
 Borgnjor's Vile Clutch   Necr/Erth      #.........   100%        5    ######.
 Dispel Undead            Necr           #.......     100%        5    ######.
 Fireball                 Conj/Fire      #.........   100%        5    ######.
 Irradiate                Conj/Tmut      #.........   100%        5    ######.
 Iskenderun's Battlesphe  Conj/Chrm      #.......     100%        5    ######.
 Lee's Rapid Deconstruct  Erth           #.........   100%        5    ######.
 Lightning Bolt           Conj/Air       #.........   100%        5    ######.
 Metabolic Englaciation   Hex/Ice        #.........   100%        5    ######.
 Silence                  Hex/Air        #.........   100%        5    ######.
 Summon Demon             Summ           #.........   100%        5    ######.
 Summon Mana Viper        Hex/Summ       #.......     100%        5    ######.
 Venom Bolt               Conj/Pois      #.........   100%        5    ######.
 Yara's Violent Unravell  Hex/Tmut       #.........   100%        5    ######.
 Bolt of Cold             Conj/Ice       #.........   100%        6    #######
 Bolt of Fire             Conj/Fire      #.........   100%        6    #######
 Conjure Ball Lightning   Conj/Air       #.........   100%        6    #######
 Darkness                 Hex            #.........   100%        6    #######
 Death Channel            Necr           #.........   100%        6    #######
 Deflect Missiles         Chrm/Air       #.........   100%        6    #######
 Freezing Cloud           Conj/Ice/Air   #.........   100%        6    #######
 Hydra Form               Tmut           #.........   100%        6    #######
 Invisibility             Hex            #.......     100%        6    #######
 Iron Shot                Conj/Erth      #.........   100%        6    #######
 Ozocubu's Refrigeration  Ice            #.........   100%        6    #######
 Poison Arrow             Conj/Pois      #.........   100%        6    #######
 Shadow Creatures         Summ           N/A          100%        6    #######
 Simulacrum               Ice/Necr       #.........   100%        6    #######
 Statue Form              Tmut/Erth      #........    100%        6    #######
 Dragon Form              Tmut           #.........   100%        7    #######
 Haunt                    Necr/Summ      #.........   100%        7    #######
 Malign Gateway           Summ/Tloc      #.........   100%        7    #######
 Orb of Destruction       Conj           #.........   100%        7    #######
 Ring of Flames           Chrm/Fire      #.........   100%        7    #######
 Spellforged Servitor     Conj/Summ      #.........   100%        7    #######
 Summon Hydra             Summ           #.........   100%        7    #######
 Borgnjor's Revivificati  Necr           #.........   100%        8    #######
 Chain Lightning          Conj/Air       #.........   100%        8    #######
 Death's Door             Chrm/Necr      #.........   100%        8    #######
 Discord                  Hex            #.........   100%        8    #######
 Ignition                 Fire           #.........   100%        8    #######
 Infestation              Necr           #.........   100%        8    #######
 Lehudib's Crystal Spear  Conj/Erth      #.........   100%        8    #######
 Necromutation            Tmut/Necr      #.........   100%        8    #######
 Dragon's Call            Summ           #.........   100%        9    #######
 Fire Storm               Conj/Fire      #.........   100%        9    #######
 Glaciate                 Conj/Ice       #.........   100%        9    #######
 Shatter                  Erth           #.........   100%        9    #######
 Tornado                  Air            #.........   100%        9    #######


Dungeon Overview and Level Annotations

Branches:
Dungeon (15/15)            Temple (1/1) D:7            Lair (6/6) D:9
  Swamp (4/4) Lair:4        Snake (4/4) Lair:2        Slime (5/5) Lair:5
    Orc (2/2) D:11            Elf (3/3) Orc:2        Vaults (5/5) D:14
  Crypt (3/3) Vaults:3       Tomb (3/3) Crypt:3      Depths (5/5) D:15
   Hell (1/1)                 Dis (7/7) Hell            Geh (7/7) Hell
    Coc (7/7) Hell            Tar (7/7) Hell            Zot (4/5) Depths:5

Altars:
Ashenzari
Cheibriados
Dithmenos
Elyvilon
Fedhas
Gozag
Hepliaklqana
Kikubaaqudgha
Makhleb
Nemelex Xobeh
Okawaru
Qazlal
Ru
Sif Muna
Trog
Uskayaw
Vehumet
Wu Jian
Xom
Yredelemnul
Zin
The Shining One
Beogh
Jiyva
Lugonu

Shops:
D:4 ?   D:11 %!   D:12 =   D:13 *   D:14 }   Orc:1 ?   Orc:2 (=[   Elf:3 :%
Snake:2 *[*:   Vaults:1 ?   Vaults:3 =   Depths:1 %   Depths:4 }}=

Portals:
Hell: Depths:1 Depths:2 Depths:3 Depths:4 Depths:5
Abyss: Depths:3 Depths:4 Depths:5
Pandemonium: Depths:1 Depths:2 Depths:3
Ziggurat: Depths:5

Annotations:
Tomb:3 Jory, Khufu


Innate Abilities, Weirdness & Mutations

You reflexively headbutt those who attack you in melee.
You have a pair of horns on your head.
You have sharp toenails.
You are partially covered in icy blue scales. (AC +2)
You have a somewhat thin skeletal structure. (Dex +2, Stealth)
You tend to lose your temper in combat.
Your flesh is cold resistant. (rC+)
Armour fits poorly on your strangely shaped body.
Your body often deteriorates upon taking damage.
You are dopey. (Int -2)
You are frail. (-10% HP)
Your magical capacity is extremely low. (-30% MP)
You sometimes yell uncontrollably at your foes.
You are weak. (Str -2)
Your spells are easier to cast, but less powerful.
Your movements are slightly less encumbered by armour. (ER -2)


Message History

The mummy priest mumbles some strange prayers to its god.
Jory drinks a potion.
Jory is healed!
The ushabti shakes and rattles.
The vile air hits the wraith.
The vile air hits the freezing wraith.
The vile air hits the reaper.
The vampire gestures wildly while chanting.
The vampire flickers and vanishes for a moment.
A death scarab comes into view.
The reaper hits you with a scythe of venom.
* * * LOW HITPOINT WARNING * * *
The phantasmal warrior blinks!
An ushabti comes into view.
The greater mummy casts a spell at you. Something smites you!
* * * LOW HITPOINT WARNING * * *
The death scarab moves out of view.
You feel much better.
You are engulfed in dark miasma.
You are more poisoned.
You are feeling very hungry.
You die... ..#....M.#.. s#4sW8M8#. sMM8M8.zM #8M8WW8# #.ZMWMW# #MZW§MV#

#..sMWM#
#.§.=2V#
#...nW@#
########


You could see Khufu, 5 greater mummies, Jory, 3 emperor scorpions, a reaper, a
mummy priest, a skeletal warrior, a flayed ghost, a shadow wraith (invisible), a
phantasmal warrior, 2 guardian mummies, 7 ushabtiu, an ice devil, a freezing
wraith, a spectral black mamba, a hungry ghost, a vampire (invisible), 3
wraiths, a death scarab, a necrophage, 3 mummies and a frost giant simulacrum.

Vanquished Creatures
  Cerebov (Pan)
  Antaeus (Coc:7)
  the Royal Jelly (Slime:5)
  Asmodeus (Geh:7)
  Dissolution (Slime:1)
  Mnoleg (Pan)
  Ereshkigal (Tar:7)
  Gloorx Vloq (Pan)
  the Serpent of Hell (Geh:7)
  Lom Lobon (Pan)
  A seraph (Pan)
  3 orbs of fire
  Mara (Tomb:3)
  5 ancient liches
  Mennas (Pan)
  25 greater mummies
  10 pandemonium lords (Pan)
  the Lernaean hydra (Swamp:4)
  19 shard shrikes
  Saint Roka (Orc:2)
  2 curse toes
  A caustic shrike (Depths:4)
  Xtahua (Vaults:4)
  Vashnia (Snake:2)
  Geryon (Hell)
  13 golden dragons
  3 profane servitors (Abyss:3)
  2 pearl dragons (Pan)
  12 bone dragons
  9 doom hounds
  2 electric golems (Zot:4)
  2 hellephants
  35 Tzitzimimeh
  26 Brimstone Fiends
  15 tentacled monstrosities
  9 Hell Sentinels
  7 iron giants
  21 Ice Fiends
  15 liches
  6 deep elf blademasters
  5 deep elf master archers
  18 titans
  4 eldritch tentacles
  3 quicksilver dragons
  4 death cobs
  39 acid blobs
  10 sphinxes
  10 tentacled starspawn
  39 Executioners
  16 ancient champions
  The ghost of poirepourri the Severer, an adept MiFi of Okawaru (Swamp:3)
  The ghost of bloodycherry the Bludgeoner, an adept MiFi of Makhleb (Elf:1)
  4 warmongers (Pan)
  9 storm dragons
  4 revenants
  2 thorn hunters
  7 draconian monks
  14 shadow dragons
  9 tengu reavers
  19 azure jellies
  12 nagarajas
  20 daevas
  14 iron dragons
  36 frost giants
  27 fire giants
  7 draconian scorchers
  A ghost moth (Zot:2)
  5 draconian knights
  17 vault wardens
  2 orc warlords (Orc:2)
  19 cacodemons
  12 deep elf sorcerers
  9 draconian shifters
  4 curse skulls
  30 balrugs
  6 deep elf elementalists
  75 large abominations
  An elemental wellspring (Coc:7)
  42 angels
  8 draconian stormcallers
  5 draconian annihilators
  2 spriggan defenders
  36 very ugly things
  30 stone giants
  9 ghouls (Crypt:2)
  18 ironheart preservers
  18 ophanim (Pan)
  69 reapers
  3 war gargoyles
  11 corrupters (Pan)
  23 vampire knights
  9 blood saints (Pan)
  An entropy weaver (Vaults:1)
  9 white draconians
  9 deep elf annihilators
  39 apis (Pan)
  13 lorocyprocas
  16 black suns (Pan)
  2 bennus (Tomb:1)
  15 yellow draconians
  4 deep elf demonologists
  11 red draconians
  13 black draconians
  11 green draconians
  7 spark wasps (Depths:3)
  The ghost of IjonTichy1 the Fighter, a journeyman OpBe of Trog (Orc:1)
  A minotaur (Lab)
  6 purple draconians
  2 orange crystal statues
  A minotaur (shapeshifter) (Vaults:4)
  Azrael (D:15)
  An ettin (shapeshifter) (Vaults:4)
  9 eidola
  18 ettins
  A merfolk javelineer (Depths:5)
  12 deep elf death magi
  38 blizzard demons
  11 green deaths
  20 jiangshi
  14 death oozes
  A crystal guardian (Abyss:1)
  4 quicksilver dragon zombies
  15 great orbs of eyes
  9 fire dragons
  35 vault guards
  7 deep elf high priests
  13 mummy priests
  21 yaktaur captains
  2 kraken zombies
  15 rakshasas
  30 ice dragons
  3 spriggan air magi
  5 quicksilver dragon skeletons
  29 hydras
  3 hell beasts
  9 monstrous demonspawn (Pan)
  The ghost of nht the Severer, a journeyman MiHu of Okawaru (Lair:1)
  2 ghost crabs
  2 juggernaut simulacra (Pan)
  Fannar (D:12)
  11 anacondas
  9 centaur warriors
  19 ogre magi
  13 naga warriors
  18 alligators
  28 dancing weapons
  7 death yaks
  59 two-headed ogres
  7 death knights
  16 deep troll earth magi
  10 death scarabs
  24 hell hogs
  9 vampire magi
  7 deep troll shamans
  5 tengu warriors
  6 spriggan berserkers
  8 titan zombies
  10 thrashing horrors
  2 orc high priests
  Sonja (Orc:2)
  3 shock serpents
  28 hell knights
  34 deep elf knights
  121 sun demons
  9 storm dragon zombies
  15 naga sharpshooters
  A salamander mystic (Snake:2)
  6 iron golems
  116 skeletal warriors
  A fire crab (shapeshifter) (Depths:4)
  83 soul eaters
  13 cherubim (Pan)
  5 titan skeletons
  3 storm dragon skeletons
  15 anaconda zombies
  9 wretched stars
  13 iron trolls
  5 spatial maelstroms
  2 death drakes
  10 sea snakes (Snake:4)
  13 shadow wraiths
  A fire crab (Lair:6)
  21 sixfirhies
  14 torturous demonspawn (Pan)
  2 ghost moth zombies
  A shambling mangrove (Swamp:4)
  10 glowing orange brains
  27 deep trolls
  8 unseen horrors
  6 wizards
  14 infernal demonspawn (Pan)
  27 shadow demons
  2 spriggan druids
  9 gelid demonspawn (Pan)
  9 naga ritualists
  5 golden dragon zombies
  3 shadow dragon zombies
  24 deep elf archers
  2 kraken simulacra (Hell)
  42 phantasmal warriors
  10 swamp dragons
  15 ironbrand convokers
  A lindwurm (shapeshifter) (Abyss:3)
  7 harpies (Vaults:2)
  5 anaconda skeletons
  6 shadow dragon skeletons
  2 tengu zombies
  12 flayed ghosts
  A sphinx zombie (Hell)
  A mana viper (shapeshifter) (Vaults:2)
  A harpy (shapeshifter) (Vaults:4)
  6 wolf spider zombies
  A tengu skeleton (Vaults:5)
  19 necromancers
  76 ugly things
  4 golden dragon skeletons
  2 oklob plants
  13 mana vipers
  12 orc knights
  An orb spider (shapeshifter) (Depths:2)
  8 fire giant zombies
  5 iron dragon zombies
  7 orc sorcerers
  85 deep elf magi
  8 frost giant zombies
  9 stone giant zombies
  5 wolf spiders
  4 shining eyes
  A cyclops (shapeshifter) (Depths:2)
  5 salamanders
  A manticore (Lair:5)
  11 stone giant skeletons
  36 small abominations
  3 worldbinders
  8 elephants
  Maurice (D:9)
  2 cyclopes
  7 frost giant skeletons
  13 naga magi
  2 titan simulacra (Crypt:1)
  13 moths of wrath
  6 guardian serpents
  28 rust devils
  3 shock serpent zombies
  4 iron dragon skeletons
  14 vault sentinels
  32 black mambas
  10 ice statues
  6 human skeletons
  4 gargoyles
  27 orange demons
  A torpor snail (Lair:1)
  7 fire giant skeletons
  6 dire elephant zombies
  3 eyes of devastation
  3 dire elephant skeletons
  12 molten gargoyles
  2 storm dragon simulacra (Crypt:1)
  An apocalypse crab (Abyss:1)
  13 spiny frogs
  60 smoke demons
  6 rime drakes
  2 spiny frogs (shapeshifter)
  A red draconian zombie (Tar:7)
  A rime drake (shapeshifter) (Vaults:1)
  A catoblepas zombie (Geh:7)
  A shock serpent skeleton (Crypt:3)
  8 human zombies
  38 hellions
  13 efreet
  A pale draconian zombie (Crypt:2)
  A yellow draconian zombie (Crypt:3)
  4 kobold demonologists
  10 komodo dragons
  2 yaktaur zombies
  83 ice devils
  A swamp worm zombie (Crypt:3)
  62 freezing wraiths
  32 hellwings
  3 emperor scorpion zombies
  29 yaktaurs
  A yellow draconian skeleton (Crypt:2)
  30 demonic crawlers
  50 tormentors
  11 trolls
  A catoblepas skeleton (Crypt:1)
  34 guardian mummies
  49 red devils
  A ghost moth simulacrum (Crypt:1)
  6 meliai
  4 harpy zombies
  9 tengu conjurers
  17 hydra zombies
  3 trolls (shapeshifter)
  7 ancient zymes
  An iron troll skeleton (Crypt:2)
  A jumping spider (shapeshifter) (Abyss:3)
  11 polar bears
  A grey draconian skeleton (Crypt:1)
  A silent spectre (Tar:7)
  3 harpy skeletons
  18 hornets
  7 tyrant leeches
  14 dream sheep
  159 slime creatures
  4 wolf spider simulacra
  2 queen bees
  12 bog bodies
  6 fire dragon zombies
  4 hippogriffs
  5 ettin zombies
  10 hydra skeletons
  37 raiju
  5 alligator zombies
  7 ice dragon zombies
  2 stone giant simulacra (Crypt:1)
  16 blink frogs
  A hippogriff (shapeshifter) (Abyss:3)
  28 shadows
  A death drake skeleton (Crypt:3)
  A frost giant simulacrum (Depths:1)
  2 fire giant simulacra
  11 ice dragon skeletons
  131 flying skulls
  A shock serpent simulacrum (Crypt:1)
  47 starcursed masses
  3 black mamba zombies
  5 ettin skeletons
  5 air elementals
  51 wraiths
  5 ushabtiu
  25 water elementals
  10 wyverns
  43 yaks
  9 fire dragon skeletons
  A redback (Vaults:1)
  16 spriggans
  59 ynoxinuls
  2 satyr skeletons
  4 basilisks
  A fire bat (shapeshifter) (Depths:5)
  2 hungry ghosts
  5 alligator skeletons
  A basilisk (shapeshifter) (Abyss:3)
  4 golden eyes
  6 human simulacra
  4 fire bats (Abyss:3)
  35 fire elementals
  A golden eye (shapeshifter) (Vaults:5)
  35 chaos spawn
  Grum (D:9)
  4 black mamba skeletons
  43 neqoxecs
  A steam dragon (Lair:5)
  22 vampire mosquitoes
  An emperor scorpion simulacrum (Crypt:1)
  7 insubstantial wisps
  54 nagas
  9 spatial vortices
  8 spiny frog zombies
  19 swamp worms
  4 acid dragons
  10 wargs
  67 hell hounds
  4 hydra simulacra
  A merfolk skeleton (Geh:1)
  A torturous demonspawn skeleton (Pan)
  A two-headed ogre skeleton (Crypt:3)
  4 deep troll skeletons
  5 floating eyes
  8 porcupines
  15 swamp drakes
  54 orc warriors
  17 water moccasins
  A black bear (shapeshifter) (Depths:2)
  An eye of draining (shapeshifter) (Depths:5)
  A gelid demonspawn skeleton (Geh:6)
  A sky beast (D:10)
  15 black bears
  2 fire dragon simulacra
  A hornet zombie (D:12)
  An ice beast (shapeshifter) (Vaults:4)
  7 phantoms
  2 orc zombies
  2 alligator simulacra (IceCv)
  6 eyes of draining
  10 snapping turtle zombies
  6 spiny frog skeletons
  24 ice beasts
  39 ogres
  An ice dragon simulacrum (Depths:1)
  21 necrophages
  2 swamp dragon zombies
  24 wolves
  13 boggarts
  25 centaurs
  12 crocodiles
  An elephant skeleton (Crypt:2)
  3 manticore skeletons
  A swamp dragon skeleton (Pan)
  5 snapping turtle skeletons
  3 big kobolds
  17 bullfrogs
  An elf skeleton (Coc:1)
  A rime drake skeleton (Crypt:3)
  2 wyvern zombies
  4 earth elementals
  4 scorpions
  A troll zombie (Dis:7)
  64 killer bees
  2 snapping turtle simulacra (Crypt:1)
  A polar bear skeleton (Crypt:1)
  A spriggan skeleton (Volcano)
  62 wights
  A yak skeleton (Crypt:1)
  4 electric eels
  6 howler monkeys (D:9)
  A troll skeleton (Volcano)
  2 bullfrog zombies
  5 centaur zombies
  2 lava snakes (D:13)
  18 crimson imps
  2 centaur skeletons
  5 draconian simulacra (IceCv)
  A bullfrog skeleton (D:6)
  11 jellies
  5 quasits
  19 orc priests
  A black bear skeleton (Crypt:1)
  6 hounds
  35 iron imps
  31 orc wizards
  Jessica (D:2)
  4 iguanas
  5 hell rats (Lair:4)
  5 lightning spires (Zot:4)
  4 spriggan simulacra (IceCv)
  2 troll simulacra (IceCv)
  11 worker ants
  A polar bear simulacrum (IceCv)
  A killer bee zombie (D:9)
  A big kobold zombie (Crypt:1)
  2 naga zombies
  7 centaur simulacra
  A naga skeleton (Volcano)
  A hound skeleton (Crypt:3)
  3 hound zombies
  48 mummies
  A worker ant zombie (D:9)
  3 gnolls (D:3)
  19 adders
  A naga simulacrum (IceCv)
  3 ogre simulacra (IceCv)
  A tengu simulacrum (Crypt:1)
  A steam dragon skeleton (Crypt:3)
  11 shadow imps
  50 white imps
  A worker ant simulacrum (D:9)
  9 ufetubi
  3 oozes
  An adder skeleton (D:8)
  2 worms
  A dart slug (D:1)
  An adder simulacrum (D:9)
  3 leopard geckos
  140 orcs
  4 bats
  4 giant cockroaches
  8 goblins
  10 hobgoblins
  9 jackals
  22 kobolds
  3 quokkas
  6 ball pythons
  5 frilled lizards
  A gnoll skeleton (Crypt:2)
  A jackal skeleton (D:6)
  A kobold skeleton (Geh:7)
  3 leopard gecko skeletons
  An orc skeleton (Crypt:3)
  3 quokka skeletons
  3 rats
  5 briar patches
  6 crawling corpses
  3 plants
  8 starspawn tentacles
  4 tentacles
5989 creatures vanquished.

Vanquished Creatures (collateral kills)
  Dispater (Dis:7)
  A Tzitzimitl (Tar:7)
  A reaper (Dis:7)
  A tormentor (Dis:7)
  A hungry ghost (Tar:7)
5 creatures vanquished.

Vanquished Creatures (others)
  A lich (Tomb:2)
  A deep elf blademaster (Geh:7)
  7 deep elf master archers
  An ancient champion (Dis:7)
  2 draconian monks
  A draconian shifter (Zot:4)
  5 elemental wellsprings
  An angel (Pan)
  2 stone giants (Geh:7)
  A black draconian (Zot:4)
  2 bennus (Tomb:2)
  2 blizzard demons (Pan)
  3 yaktaur captains
  A rakshasa (Pan)
  An ice dragon (Depths:4)
  A centaur warrior (Vaults:2)
  An alligator (Swamp:3)
  A two-headed ogre (D:9)
  A vampire mage (Depths:1)
  2 naga sharpshooters
  A hell hog (Hell)
  5 death scarabs (Tomb:2)
  2 deep elf knights
  A wizard (Pan)
  2 deep elf archers
  3 cherubim (Pan)
  A phantasmal warrior (Vaults:2)
  An ugly thing (Vaults:3)
  A moth of wrath (Zot:1)
  A salamander (Snake:2)
  A freezing wraith (Vaults:2)
  A hellion (Geh:7)
  An efreet (Pan)
  11 yaktaurs
  A tormentor (Abyss:3)
  A red devil (Dis:5)
  A hornet (Swamp:4)
  A raiju (Zot:4)
  A hydra skeleton (Geh:7)
  2 flying skulls
  A fire dragon skeleton (Geh:7)
  2 ushabtiu (Tomb:2)
  An ogre (Depths:1)
  10 boggarts
  4 centaurs
  2 wights (Geh:1)
  A crimson imp (Hell)
  A jelly (D:9)
  An iron imp (Dis:7)
  3 orc wizards (D:9)
  A centaur simulacrum (D:9)
  2 mummies (Tomb:2)
  A shadow imp (Depths:3)
  A white imp (D:9)
  6 ball lightnings
  9 orcs
  3 kobolds (D:9)
  A crawling corpse (Vaults:5)
  2 demonic plants
  15 fungi
  3 lurking horrors
  18 plants
  16 starspawn tentacles
  13 tentacles
193 creatures vanquished.

Grand Total: 6187 creatures vanquished

Notes
Turn   | Place    | Note
-------+----------+-------------------------------------------
     0 | D:1      | George the Minotaur Fighter began the quest for the Orb.
     0 | D:1      | Reached XP level 1. HP: 19/19 MP: 0/0
   363 | D:1      | Reached XP level 2. HP: 26/26 MP: 1/1
   673 | D:1      | Reached XP level 3. HP: 31/31 MP: 2/2
   921 | D:2      | Reached skill level 5 in Long Blades
   978 | D:2      | Found an ancient bone altar of Kikubaaqudgha.
   982 | D:2      | Reached XP level 4. HP: 26/39 MP: 3/3
  1101 | D:2      | Noticed Jessica
  1109 | D:2      | Killed Jessica
  1282 | D:2      | Found a blossoming altar of Fedhas.
  1302 | D:2      | Reached XP level 5. HP: 45/45 MP: 4/4
  1357 | D:2      | Found a shadowy altar of Dithmenos.
  1460 | D:2      | Found a glowing silver altar of Zin.
  2086 | D:3      | Reached XP level 6. HP: 51/51 MP: 5/5
  2102 | D:3      | Noticed a fire elemental
  2104 | D:3      | Found a stormy altar of Qazlal.
  2105 | D:3      | Noticed a water elemental
  2105 | D:3      | Noticed an air elemental
  2295 | D:4      | Got a warped golden amulet
  2318 | D:4      | Found a sacrificial altar of Ru.
  2443 | D:4      | Found Enijair's Magic Scroll Shoppe.
  2446 | D:4      | Bought a scroll of teleportation for 42 gold pieces
  2446 | D:4      | Bought a scroll of remove curse for 42 gold pieces
  2446 | D:4      | Identified the amulet "Ewiaghid" {Reflect rElec Dex+4 SH+6} (You found it on level 4 of the Dungeon)
  2678 | D:4      | Found an ornate altar of the Wu Jian Council.
  2981 | D:5      | Entered Level 5 of the Dungeon
  2981 | D:5      | Noticed an ice beast
  2990 | D:5      | Killed an ice beast
  2990 | D:5      | Reached XP level 7. HP: 57/57 MP: 6/6
  3090 | D:5      | Reached skill level 10 in Long Blades
  4192 | D:6      | Reached XP level 8. HP: 64/64 MP: 7/7
  4625 | D:6      | Found a white marble altar of Elyvilon.
  5184 | D:7      | Found a staircase to the Ecumenical Temple.
  5194 | D:7      | Reached skill level 1 in Dodging
  5228 | D:7      | Found an opulent altar of Gozag.
  5324 | Temple   | Entered the Ecumenical Temple
  5365 | Temple   | Became a worshipper of Warmaster Okawaru
  5390 | D:7      | Found a radiant altar of Vehumet.
  5423 | D:7      | Reached skill level 1 in Invocations
  5452 | D:7      | Found a sparkling altar of Nemelex Xobeh.
  5501 | D:7      | Reached XP level 9. HP: 72/72 MP: 7/9
  5549 | D:7      | Found a runed door.
  5659 | D:7      | Found a shimmering altar of Xom.
  5806 | D:7      | Reached * piety under Okawaru
  5821 | D:7      | Reached skill level 5 in Fighting
  5853 | D:7      | Reached skill level 5 in Armour
  5853 | D:7      | Reached skill level 5 in Shields
  5880 | D:7      | Found a roughly hewn altar of Beogh.
  6227 | D:8      | Reached ** piety under Okawaru
  6473 | D:8      | Reached XP level 10. HP: 83/83 MP: 11/11
  6772 | D:8      | Noticed a two-headed ogre
  6780 | D:8      | Killed a two-headed ogre
  6780 | D:8      | Reached *** piety under Okawaru
  6872 | D:9      | Reached skill level 5 in Dodging
  7288 | D:9      | Reached **** piety under Okawaru
  7510 | D:9      | Noticed a two-headed ogre
  7530 | D:9      | Killed a two-headed ogre
  7530 | D:9      | Reached skill level 5 in Invocations
  7789 | D:9      | Found a staircase to the Lair.
  7861 | D:9      | Reached XP level 11. HP: 76/93 MP: 13/13
  8065 | D:9      | Noticed Grum
  8074 | D:9      | Noticed a two-headed ogre
  8076 | D:9      | Killed Grum
  8092 | D:9      | Killed a two-headed ogre
  8092 | D:9      | Reached ***** piety under Okawaru
  8109 | D:9      | Noticed a deep elf mage
  8113 | D:9      | Killed a deep elf mage
  8126 | D:9      | Noticed Maurice
  8140 | D:9      | Killed Maurice
  8351 | D:9      | Noticed a two-headed ogre
  8358 | D:9      | Killed a two-headed ogre
  8476 | D:9      | Found a bloodstained altar of Trog.
  8588 | D:9      | Noticed a deep elf mage
  8605 | D:9      | Killed a deep elf mage
  8769 | D:10     | Entered Level 10 of the Dungeon
  8883 | D:10     | Received a gift from Okawaru
  8890 | D:10     | Identified a +0 pair of boots of running (Okawaru gifted it to you on level 10 of the Dungeon)
  9157 | D:10     | Found a roughly hewn altar of Beogh.
  9242 | D:10     | Noticed a two-headed ogre
  9247 | D:10     | Killed a two-headed ogre
  9247 | D:10     | Reached ****** piety under Okawaru
  9247 | D:10     | Reached XP level 12. HP: 104/104 MP: 14/16
  9496 | D:11     | Found Saesaock's Food Boutique.
  9556 | D:11     | Found a labyrinth entrance.
  9562 | D:11     | Found a staircase to the Orcish Mines.
  9576 | Lab      | Entered a labyrinth
  9678 | Lab      | Noticed a minotaur
  9689 | Lab      | Killed a minotaur
  9708 | D:11     | Found Ucviesm's Distillery.
  9733 | D:11     | Noticed a seven-headed hydra
  9742 | D:11     | Killed a seven-headed hydra
  9764 | D:11     | Found a flagged portal.
  9832 | D:11     | Received a gift from Okawaru
  9838 | D:11     | Got a scorched scale mail {god gift}
  9867 | Bailey   | Entered a bailey
  9888 | Bailey   | Identified the +6 scale mail of Gasosch {rC+} (Okawaru gifted it to you on level 11 of the Dungeon)
  9904 | Bailey   | Reached skill level 10 in Fighting
 10047 | Bailey   | Reached skill level 10 in Armour
 10047 | Bailey   | Reached skill level 10 in Shields
 11051 | D:11     | You fall through a shaft for 2 floors!
 11058 | D:13     | Noticed a death knight
 11070 | D:13     | Killed a death knight
 11478 | D:13     | Found Lodorouj's General Store.
 11926 | D:12     | Found Kulek's Jewellery Shop.
 12003 | D:12     | Reached XP level 13. HP: 59/114 MP: 13/18
 12026 | D:12     | Noticed Fannar
 12056 | D:12     | Killed Fannar
 12084 | D:12     | Received a gift from Okawaru
 12095 | D:12     | Got an ichor-stained demon blade {god gift}
 12096 | D:12     | Identified the +8 demon blade of Blood {antimagic, Str+4} (Okawaru gifted it to you on level 12 of the Dungeon)
 12392 | D:12     | Received a gift from Okawaru
 12400 | D:12     | Found a corrupted altar of Lugonu.
 12736 | Lair:1   | Entered Level 1 of the Lair of Beasts
 12810 | Lair:1   | Reached skill level 10 in Dodging
 13027 | Lair:1   | Found a runed door.
 13370 | Lair:1   | Noticed nht's ghost (journeyman MiHu)
 13506 | Lair:1   | Killed nht's ghost
 13669 | Lair:2   | Found a frozen archway.
 13699 | IceCv    | Entered an ice cave
 14056 | IceCv    | Found an ancient bone altar of Kikubaaqudgha.
 14518 | IceCv    | Got a pair of faintly humming gloves
 14529 | IceCv    | Identified the +4 pair of gloves of Honour {rPois} (You found it in an ice cave)
 14639 | Lair:2   | Reached XP level 14. HP: 114/126 MP: 7/20
 14804 | Lair:2   | Found a staircase to the Snake Pit.
 14880 | Lair:2   | Received a gift from Okawaru
 14891 | Lair:2   | Got a pitted chain mail {god gift}
 14909 | Lair:2   | Identified the +1 chain mail "Eptoj" {+Blink rCorr Str-2 Dex+2} (Okawaru gifted it to you on level 2 of the Lair of Beasts)
 14909 | Lair:2   | Identified a scroll of acquirement
 14916 | Lair:2   | Got an encrusted chain mail
 14927 | Lair:2   | Identified the +4 chain mail of Falun {MR+ Int-2 Dex+6 Stlth+} (You found it on level 2 of the Lair of Beasts)
 15238 | Lair:3   | Got a tiger eye-studded plate armour
 15249 | Lair:3   | Identified the +7 plate armour "Kuiladgh" {Dex+2} (You found it on level 3 of the Lair of Beasts)
 15361 | Lair:3   | Found the +27 Lear's hauberk
 15485 | Lair:3   | Reached skill level 10 in Invocations
 16310 | Lair:4   | Found a staircase to the Swamp.
 17200 | Lair:5   | Reached skill level 1 in Evocations
 17244 | Lair:5   | Found a viscous altar of Jiyva.
 17245 | Lair:5   | Found a staircase to the Slime Pits.
 18084 | Lair:6   | Entered Level 6 of the Lair of Beasts
 18115 | Lair:6   | Received a gift from Okawaru
 18295 | Lair:6   | Reached XP level 15. HP: 112/136 MP: 7/21
 18353 | Lair:6   | Got a warped brass amulet
 18372 | Lair:6   | Identified the amulet of Kokaufil {Regen+ Dex+3} (You found it on level 6 of the Lair of Beasts)
 18627 | Lair:6   | Received a gift from Okawaru
 19404 | Orc:1    | Entered Level 1 of the Orcish Mines
 19437 | Orc:1    | Found a dark tunnel.
 19444 | Volcano  | Entered a volcano
 19844 | Orc:1    | Found a runed door.
 19944 | Orc:1    | Received a gift from Okawaru
 19979 | Orc:1    | Found Nurr's Magic Scroll Boutique.
 20183 | Orc:1    | Noticed IjonTichy1's ghost (journeyman OpBe)
 20196 | Orc:1    | Killed IjonTichy1's ghost
 20229 | Orc:2    | Entered Level 2 of the Orcish Mines
 20253 | Orc:2    | Noticed an orc warlord
 20269 | Orc:2    | Killed an orc warlord
 20293 | Orc:2    | Noticed Sonja
 20295 | Orc:2    | Noticed an orc warlord
 20301 | Orc:2    | Killed Sonja
 20304 | Orc:2    | Reached skill level 5 in Evocations
 20333 | Orc:2    | Killed an orc warlord
 20376 | Orc:2    | Noticed Saint Roka
 20429 | Orc:2    | Killed Saint Roka
 20461 | Orc:2    | Received a gift from Okawaru
 20490 | Orc:2    | Found a roughly hewn altar of Beogh.
 20711 | Orc:2    | Found Ludephuc's Jewellery Boutique.
 20769 | Orc:2    | Found a staircase to the Elven Halls.
 21121 | Orc:2    | Found a gateway to a bazaar.
 21173 | Orc:2    | Found Unekhlob's Antique Armour Boutique.
 21188 | Orc:2    | Found Muqivuss's Antique Weapon Boutique.
 21203 | Orc:2    | Found Lusar's General Store.
 21373 | Bazaar   | Entered a bazaar
 21390 | Bazaar   | Found Juadoat's Armour Shoppe.
 21390 | Bazaar   | Found Itunerch's General Store.
 21411 | Bazaar   | Found Ocvybed's Book Shoppe.
 21426 | Bazaar   | Found Keuwuh's General Store.
 21486 | Bazaar   | Bought a scroll of blinking for 75 gold pieces
 21486 | Bazaar   | Bought a scroll of teleportation for 30 gold pieces
 21486 | Bazaar   | Bought a scroll of enchant armour for 75 gold pieces
 21571 | Orc:2    | Bought a shiny large shield for 210 gold pieces
 21642 | Orc:1    | Bought a scroll of enchant armour for 82 gold pieces
 21642 | Orc:1    | Bought a scroll of teleportation for 33 gold pieces
 21697 | Orc:2    | Bought a dazzling plate armour for 784 gold pieces
 21712 | Orc:2    | Identified the +3 plate armour of Zofog {rN+ Str+4} (You bought it in a shop on level 2 of the Orcish Mines)
 21725 | Orc:2    | Bought a jade-encrusted chain mail for 266 gold pieces
 21735 | Orc:2    | Identified the +1 chain mail of Saarcholo {rPois rC+ Int+3} (You bought it in a shop on level 2 of the Orcish Mines)
 21930 | D:14     | Found a gate to the Vaults.
 21966 | D:14     | Found Moqemy's Gadget Shop.
 22464 | D:15     | Entered Level 15 of the Dungeon
 22549 | D:15     | Reached XP level 16. HP: 147/147 MP: 7/22
 22795 | D:15     | Noticed Azrael
 22808 | D:15     | Killed Azrael
 23008 | D:15     | Received a gift from Okawaru
 23162 | D:15     | Found a staircase to the Depths.
 23335 | D:15     | Reached skill level 15 in Fighting
 23674 | Swamp:1  | Entered Level 1 of the Swamp
 23681 | Swamp:1  | Reached skill level 15 in Shields
 23768 | Swamp:1  | Reached skill level 15 in Armour
 23867 | Swamp:1  | Received a gift from Okawaru
 23874 | Swamp:1  | Got a bloodstained cloak {god gift}
 23885 | Swamp:1  | Identified the +2 cloak "Sinugeg" {rF- rC++ rN+++ Str-3} (Okawaru gifted it to you on level 1 of the Swamp)
 24017 | Swamp:1  | Noticed a thorn hunter
 24026 | Swamp:1  | Killed a thorn hunter
 24517 | Swamp:2  | You fall through a shaft!
 25065 | Swamp:3  | Reached XP level 17. HP: 149/156 MP: 7/23
 25199 | Swamp:3  | Received a gift from Okawaru
 25310 | Swamp:3  | Found a runed door.
 25315 | Swamp:3  | Noticed poirepourri's ghost (adept MiFi)
 25357 | Swamp:3  | Killed poirepourri's ghost
 25361 | Swamp:3  | Got a pair of pitted boots
 25372 | Swamp:3  | Identified the cursed +0 pair of boots of the Lute {*Contam +Inv Regen+ Int+9} (You found it on level 3 of the Swamp)
 25785 | Swamp:4  | Entered Level 4 of the Swamp
 26010 | Swamp:4  | Received a gift from Okawaru
 26011 | Swamp:4  | Found the +0 sword of Power
 26337 | Swamp:4  | Noticed the 27-headed Lernaean hydra
 26365 | Swamp:4  | Killed the 22-headed Lernaean hydra
 26397 | Swamp:4  | Got a decaying rune of Zot
 26715 | Snake:1  | Entered Level 1 of the Snake Pit
 26827 | Snake:1  | Reached skill level 15 in Dodging
 26838 | Snake:1  | Received a gift from Okawaru
 27302 | Snake:1  | Received a gift from Okawaru
 27348 | Snake:1  | Reached XP level 18. HP: 168/168 MP: 8/24
 27427 | Snake:2  | Found Ahuann's Assorted Antiques.
 27800 | Snake:2  | Found Rucheif's Antique Armour Emporium.
 27845 | Snake:2  | Found Buuseid's Assorted Antiques.
 28025 | Snake:2  | Found Wioc Hyn's Book Boutique.
 28062 | Snake:2  | Noticed Vashnia
 28095 | Snake:2  | Killed Vashnia
 28893 | Snake:4  | Entered Level 4 of the Snake Pit
 28973 | Snake:4  | Received a gift from Okawaru
 29476 | Snake:4  | Received a gift from Okawaru
 29495 | Snake:4  | Reached XP level 19. HP: 177/177 MP: 2/26
 29567 | Snake:4  | Got a serpentine rune of Zot
 30003 | Vaults:1 | Entered Level 1 of the Vaults
 30411 | Vaults:1 | Found Onuuguve's Magic Scroll Shoppe.
 31206 | Vaults:2 | Received a gift from Okawaru
 31628 | Vaults:2 | Reached skill level 10 in Evocations
 31630 | Vaults:2 | Received a gift from Okawaru
 31720 | Vaults:2 | Reached XP level 20. HP: 169/189 MP: 9/27
 32528 | Vaults:2 | Received a gift from Okawaru
 32656 | Vaults:2 | Got a pitted triple sword {god gift}
 32662 | Vaults:2 | Identified the +0 triple sword of Aderapnest {freeze, Str+2} (Okawaru gifted it to you on level 2 of the Vaults)
 33014 | Vaults:3 | Found Dotzeat's Jewellery Shoppe.
 33283 | Vaults:3 | Received a gift from Okawaru
 33697 | Vaults:3 | Found a staircase to the Crypt.
 33697 | Vaults:3 | Found a basalt altar of Yredelemnul.
 33698 | Vaults:3 | Found an ancient bone altar of Kikubaaqudgha.
 34495 | Vaults:3 | Reached XP level 21. HP: 173/199 MP: 9/29
 34551 | Crypt:1  | Entered Level 1 of the Crypt
 34668 | Crypt:1  | Found a magical portal.
 34677 | WizLab   | Entered Wucad Mu's Monastery
 34812 | WizLab   | Found the +9 staff of Wucad Mu {channel}
 34863 | WizLab   | Reached XP level 22. HP: 207/207 MP: 4/30
 34885 | WizLab   | Got a vibrating bronze ring
 34887 | WizLab   | Identified the ring "Kaklejuse" {rElec rPois Stlth+} (You acquired it in a wizard's laboratory)
 34896 | WizLab   | Got a pair of smoking gloves
 34907 | WizLab   | Identified the +3 pair of gloves "Izxalokh" {rF- rCorr Str+7 Int-3} (You acquired it in a wizard's laboratory)
 35074 | Crypt:1  | Received a gift from Okawaru
 35913 | Crypt:1  | Got a sparkling amber ring
 35915 | Crypt:1  | Identified the ring "Atyuf" {rF+ Stlth+} (You found it on level 1 of the Crypt)
 36961 | Crypt:3  | Entered Level 3 of the Crypt
 37122 | Crypt:3  | Received a gift from Okawaru
 37199 | Crypt:3  | Found a staircase to the Tomb.
 37603 | Crypt:3  | Found a shimmering altar of Xom.
 37723 | Crypt:3  | Identified Sif Muna's Catalogue of Ensnaring Flames
 37747 | Crypt:3  | Identified Ydoveawn's Almanac of Congealing Ignition
 37844 | Crypt:3  | Reached XP level 23. HP: 211/217 MP: 10/31
 38221 | Crypt:3  | Identified Khufu's Almanac of Sinister Arts
 38680 | Vaults:4 | Received a gift from Okawaru
 39133 | Vaults:4 | Got a flickering steel amulet
 39134 | Vaults:4 | Identified the amulet of Rul Ruux {rF+ Regen+ Stlth+} (You found it on level 4 of the Vaults)
 39259 | Vaults:4 | Paralysed by a sphinx for 4 turns
 40179 | Elf:1    | Entered Level 1 of the Elven Halls
 40260 | Elf:1    | Found a runed door.
 40260 | Elf:1    | Noticed bloodycherry's ghost (adept MiFi)
 40280 | Elf:1    | Killed bloodycherry's ghost
 40283 | Elf:1    | Got a clouded brass ring
 40287 | Elf:1    | Identified the ring "Kulacucw" {+Blink +Fly rPois Int+2} (You found it on level 1 of the Elven Halls)
 40397 | Elf:1    | Received a gift from Okawaru
 41042 | Elf:2    | Found a runed gate.
 41043 | Elf:2    | Found a runed gate.
 41271 | Elf:2    | Found a runed gate.
 41629 | Elf:2    | Received a gift from Okawaru
 41892 | Elf:3    | Entered Level 3 of the Elven Halls
 41957 | Elf:3    | Found Maroofik's Food Shop.
 41957 | Elf:3    | Found Lunel's Book Boutique.
 42149 | Elf:3    | Reached XP level 24. HP: 231/231 MP: 10/31
 42522 | Elf:3    | Received a gift from Okawaru
 42634 | Elf:3    | Got a bloodstained cloak
 42645 | Elf:3    | Identified the +2 cloak of Nuxa {-Tele rN+ rCorr} (You found it on level 3 of the Elven Halls)
 42672 | Elf:3    | Got an ancient pewter ring
 42674 | Elf:3    | Identified the ring of Kufosmar {rF++ MR- Dex+6 Stlth+} (You found it on level 3 of the Elven Halls)
 42703 | Elf:3    | Identified the Collected Works on Arcane Weapons
 42710 | Elf:3    | Got a shimmering great sword
 42716 | Elf:3    | Identified the +7 great sword "Zihaudafe" {freeze, rPois} (You found it on level 3 of the Elven Halls)
 42724 | Elf:3    | Identified the Almanac of Exhibitionism
 42752 | Elf:3    | Identified Joxisk's Almanac of Freezing Stones
 43425 | Depths:1 | Entered Level 1 of the Depths
 43646 | Depths:1 | Found a gateway to Hell.
 43664 | Depths:1 | Received a gift from Okawaru
 43703 | Depths:1 | Found Heqatokk's Food Emporium.
 44009 | Depths:1 | Found a one-way gate leading to the halls of Pandemonium.
 44614 | Depths:2 | Found a transporter.
 44783 | Depths:2 | Reached XP level 25. HP: 239/240 MP: 10/31
 45100 | Depths:2 | Found a corrupted altar of Lugonu.
 45264 | Depths:2 | Found a transporter.
 45440 | Depths:2 | Got an encrusted cloak
 45451 | Depths:2 | Identified the -7 cloak of the Demon Prince {rPois Str+7 Int-2} (You found it on level 2 of the Depths)
 45551 | Depths:2 | Received a gift from Okawaru
 45563 | Depths:2 | Paralysed by a floating eye for 4 turns
 45574 | Depths:2 | Paralysed by a floating eye for 2 turns
 45764 | Depths:2 | Got a translucent turquoise ring
 45766 | Depths:2 | Identified the ring of Nobility {rC+ AC+3 Dex+4 Stlth+} (You found it on level 2 of the Depths)
 45809 | Depths:2 | Got a translucent jade amulet
 45810 | Depths:2 | Identified the amulet of Noon {Gourm rElec} (You found it on level 2 of the Depths)
 46468 | Depths:3 | Received a gift from Okawaru
 46857 | Depths:3 | Paralysed by a floating eye for 2 turns
 47082 | Depths:3 | Got a jasper-encrusted scale mail
 47093 | Depths:3 | Identified the +1 scale mail of Xuosobupp {rElec rF- Str+5 Dex-4} (You found it on level 3 of the Depths)
 47115 | Depths:3 | Identified Vehumet's Grimoire of Combat Magic
 47271 | Depths:3 | Received a gift from Okawaru
 47346 | Depths:3 | Found a one-way gate to the infinite horrors of the Abyss.
 47839 | Depths:4 | Found a runed door.
 47840 | Depths:4 | Found the +2 shield of Resistance {rF+ rC+ MR+}
 47840 | Depths:4 | Found the +3 salamander hide armour {+Rage rF++}
 48077 | Depths:4 | Reached XP level 26. HP: 253/253 MP: 10/31
 48561 | Depths:4 | Found Ehacoem's Gadget Shop.
 48592 | Depths:4 | Found Niulom's Jewellery Emporium.
 48593 | Depths:4 | Found Biti's Gadget Shop.
 48697 | Depths:4 | Got encrusted quicksilver dragon scales
 48708 | Depths:4 | Identified the quicksilver dragon scales of Duck's Teeth {MR+ Str+2 Int+2 SInv} (You found it on level 4 of the Depths)
 48831 | Depths:4 | Received a gift from Okawaru
 48973 | Depths:5 | Entered Level 5 of the Depths
 49256 | Depths:5 | Received a gift from Okawaru
 49701 | Depths:5 | Found a gate to the Realm of Zot.
 49778 | Depths:5 | Found a gateway to a ziggurat.
 50720 | Vaults:5 | Entered Level 5 of the Vaults
 50737 | Vaults:5 | Received a gift from Okawaru
 50738 | Vaults:5 | Got a polished cloak {god gift}
 50754 | Vaults:5 | Noticed Xtahua
 50809 | Vaults:4 | Killed Xtahua
 50941 | Vaults:4 | Identified the +0 cloak "Quem" {rCorr Str+6 Int+4} (Okawaru gifted it to you on level 5 of the Vaults)
 51000 | Vaults:5 | Reached XP level 27. HP: 248/260 MP: 10/31
 51020 | Vaults:5 | Noticed an ancient lich
 51162 | Vaults:4 | Killed an ancient lich
 51258 | Vaults:5 | Received a gift from Okawaru
 51931 | Vaults:5 | Received a gift from Okawaru
 52059 | Vaults:5 | Got a silver rune of Zot
 52348 | Vaults:5 | Got brightly glowing fire dragon scales
 52359 | Vaults:5 | Identified the +5 fire dragon scales "Sinnunoa" {-Cast rF++ rC- rN+ Dex+2 SInv} (You found it on level 5 of the Vaults)
 52671 | Hell     | Entered the Vestibule of Hell
 52671 | Hell     | Noticed Geryon
 53094 | Hell     | Killed Geryon
 53292 | Hell     | Found a gateway to the ashen valley of Gehenna.
 53592 | Hell     | Found a gateway to the Iron City of Dis.
 53678 | Hell     | Found a gateway to the freezing wastes of Cocytus.
 53760 | Hell     | Found a gateway to the decaying netherworld of Tartarus.
 54043 | Zot:1    | Entered Level 1 of the Realm of Zot
 54119 | Zot:1    | Received a gift from Okawaru
 54155 | Zot:1    | Reached skill level 15 in Long Blades
 54320 | Zot:1    | Found the +2 ratskin cloak {+Rats rPois rN+ Str-1 Int-1 Dex+1}
 54875 | Zot:2    | Received a gift from Okawaru
 55284 | Zot:2    | Noticed an orb of fire
 55310 | Zot:2    | Gained mutation: Your flesh is heat resistant. (rF+) [an orb of fire]
 55315 | Zot:2    | Killed an orb of fire
 55534 | Zot:2    | Received a gift from Okawaru
 55954 | Zot:3    | Got a steaming chain mail
 55965 | Zot:3    | Identified the cursed +0 chain mail of Generosity {rF+ rN+ MR- Int+4} (You found it on level 3 of the Realm of Zot)
 56085 | Zot:3    | Noticed an orb of fire
 56110 | Zot:3    | Killed an orb of fire
 56114 | Zot:3    | Noticed an orb of fire
 56134 | Zot:3    | Killed an orb of fire
 56745 | Zot:4    | Received a gift from Okawaru
 57688 | Zot:4    | Got a translucent gossamer ring
 57690 | Zot:4    | Identified the ring "Kyixeh" {Fire rElec Int+4} (You took it off a draconian annihilator on level 4 of the Realm of Zot)
 58328 | Slime:1  | Entered Level 1 of the Pits of Slime
 59126 | Slime:2  | Received a gift from Okawaru
 59344 | Slime:2  | Gained mutation: You are weak. (Str -2) [a shining eye]
 59418 | Slime:2  | You fall through a shaft!
 60034 | Slime:3  | Noticed Dissolution
 60046 | Slime:3  | Paralysed by a floating eye for 3 turns
 60053 | Slime:3  | Paralysed by a floating eye for 3 turns
 60060 | Slime:3  | Paralysed by a floating eye for 2 turns
 60070 | Slime:2  | Paralysed by a floating eye for 3 turns
 60563 | Slime:1  | Killed Dissolution
 61097 | Slime:4  | Received a gift from Okawaru
 61711 | Slime:5  | Entered Level 5 of the Pits of Slime
 62152 | Slime:5  | Received a gift from Okawaru
 62314 | Slime:5  | Noticed the Royal Jelly
 62690 | Slime:5  | Killed the Royal Jelly
 63220 | Slime:5  | Found the +9 scales of the Dragon King {rPois rF+ rC+ MR+}
 63334 | Slime:5  | Got a slimy rune of Zot
 63917 | Depths:3 | Voluntarily entered the Abyss.
 64200 | Abyss:1  | Reached skill level 15 in Invocations
 64249 | Abyss:1  | Received a gift from Okawaru
 65020 | Abyss:1  | Found an ancient bone altar of Kikubaaqudgha.
 65031 | Abyss:2  | Found a corrupted altar of Lugonu.
 65033 | Abyss:2  | Found a corrupted altar of Lugonu.
 65102 | Abyss:2  | Found a corrupted altar of Lugonu.
 65104 | Abyss:2  | Found a corrupted altar of Lugonu.
 65252 | Abyss:3  | Received a gift from Okawaru
 65470 | Abyss:3  | Gained mutation: You are very weak. (Str -4) [a neqoxec]
 65562 | Abyss:3  | Paralysed by accursed screaming for 2 turns
 65722 | Abyss:3  | Gained mutation: Scrolls take you a little longer to read. [a neqoxec]
 65725 | Abyss:3  | Gained mutation: You are clumsy. (Dex -2) [a neqoxec]
 65986 | Abyss:3  | Found a corrupted altar of Lugonu.
 66109 | Abyss:3  | Paralysed by accursed screaming for 1 turns
 66132 | Abyss:3  | Paralysed by accursed screaming for 1 turns
 66143 | Abyss:3  | Paralysed by accursed screaming for 1 turns
 66172 | Abyss:3  | Got an abyssal rune of Zot
 66288 | Abyss:3  | Gained mutation: Your spells are a little easier to cast, but a little less powerful. [a neqoxec]
 66326 | Abyss:3  | Gained mutation: Your body sometimes deteriorates upon taking damage. [a neqoxec]
 66334 | Abyss:3  | Received a gift from Okawaru
 66346 | Abyss:3  | Got a faintly humming hat
 66356 | Abyss:3  | Gained mutation: Your spells are easier to cast, but less powerful. [a neqoxec]
 66357 | Abyss:3  | Identified the +2 hat of Ipeim {rF+++ MR+ Dex-3} (You acquired it on level 3 of the Abyss)
 66357 | Abyss:3  | Gained mutation: Your body often deteriorates upon taking damage. [a neqoxec]
 66363 | Abyss:3  | Gained mutation: You are very clumsy. (Dex -4) [a neqoxec]
 66634 | Depths:3 | Escaped the Abyss
 66838 | Depths:3 | Lost mutation: You are very weak. (Str -4) [potion of mutation]
 66838 | Depths:3 | Lost mutation: Your body often deteriorates upon taking damage. [potion of mutation]
 66838 | Depths:3 | Lost mutation: You are very clumsy. (Dex -4) [potion of mutation]
 66838 | Depths:3 | Gained mutation: Your flesh is cold resistant. (rC+) [potion of mutation]
 66838 | Depths:3 | Gained mutation: You have a somewhat thin skeletal structure. (Dex +2, Stealth) [potion of mutation]
 66839 | Depths:3 | Lost mutation: You are clumsy. (Dex -2) [potion of mutation]
 66839 | Depths:3 | Lost mutation: Your spells are easier to cast, but less powerful. [potion of mutation]
 66839 | Depths:3 | Gained mutation: Your movements are slightly less encumbered by armour. (ER -2) [potion of mutation]
 66839 | Depths:3 | Gained mutation: You possess an exceptional clarity of mind. [potion of mutation]
 66892 | Pan      | Entered Pandemonium
 67203 | Pan      | Reached skill level 27 in Fighting
 67288 | Pan      | Reached skill level 27 in Armour
 67426 | Pan      | Noticed Xojeidup the pandemonium lord
 67447 | Pan      | Killed Xojeidup the pandemonium lord
 67733 | Pan      | Reached skill level 27 in Shields
 68737 | Pan      | Got a fine large shield
 68748 | Pan      | Identified the +4 large shield of Zin's Wrath {Str+8 Stlth+} (You found it in Pandemonium)
 68942 | Pan      | Noticed Taqis the pandemonium lord
 69406 | Pan      | Received a gift from Okawaru
 69858 | Pan      | Killed Taqis the pandemonium lord
 69922 | Pan      | Got a demonic rune of Zot
 70480 | Pan      | Found a huge runed gate.
 70687 | Pan      | Noticed Dyptom the pandemonium lord
 70712 | Pan      | Killed Dyptom the pandemonium lord
 70766 | Pan      | Entered the realm of Mnoleg.
 70945 | Pan      | Gained mutation: You occasionally shout uncontrollably at your foes. [a cacodemon]
 70945 | Pan      | Paralysed by a floating eye for 2 turns
 70945 | Pan      | Noticed Mennas
 70954 | Pan      | Gained mutation: Your spells are easier to cast, but less powerful. [a cacodemon]
 70954 | Pan      | Paralysed by a floating eye for 2 turns
 70961 | Pan      | Gained mutation: You are very weak. (Str -4) [a cacodemon]
 70978 | Pan      | Paralysed by a floating eye for 4 turns
 70999 | Pan      | Paralysed by a floating eye for 3 turns
 71015 | Pan      | Paralysed by a floating eye for 3 turns
 71029 | Pan      | Killed Mennas
 71077 | Pan      | Gained mutation: Armour fits poorly on your strangely shaped body. [a neqoxec]
 71340 | Pan      | Gained mutation: You are clumsy. (Dex -2) [a neqoxec]
 71345 | Pan      | Lost mutation: Your flesh is heat resistant. (rF+) [a neqoxec]
 71441 | Pan      | Gained mutation: You sometimes yell uncontrollably at your foes. [a cacodemon]
 71443 | Pan      | Lost mutation: You possess an exceptional clarity of mind. [a cacodemon]
 71455 | Pan      | Gained mutation: Your magical capacity is low. (-10% MP) [a cacodemon]
 71460 | Pan      | Reached skill level 15 in Evocations
 71466 | Pan      | Gained mutation: Your magical capacity is very low. (-20% MP) [a cacodemon]
 71543 | Pan      | Received a gift from Okawaru
 71579 | Pan      | Lost intelligence.
 71610 | Pan      | Gained mutation: You do not regenerate when monsters are visible. [a cacodemon]
 71739 | Pan      | Noticed Mnoleg
 71787 | Pan      | Killed Mnoleg
 71869 | Pan      | Gained mutation: You are frail. (-10% HP) [a cacodemon]
 71894 | Pan      | Got a glowing rune of Zot
 72304 | Pan      | Got a faintly humming large shield
 72325 | Pan      | Identified the cursed +0 large shield "Aqilo" {Int+4 SInv} (You took it off a daeva in Pandemonium)
 73580 | Pan      | Received a gift from Okawaru
 74117 | Pan      | Found a glowing silver altar of Zin.
 74942 | Pan      | Found a white marble altar of Elyvilon.
 76011 | Pan      | Received a gift from Okawaru
 76044 | Pan      | Got a serpentine granite ring
 76048 | Pan      | Identified the ring of Daupu {*Tele Str+4} (You took it off an angel in Pandemonium)
 76051 | Pan      | Noticed a seraph
 76093 | Pan      | Killed a seraph
 76095 | Pan      | Got a scorched silver amulet
 76106 | Pan      | Identified the amulet of the Shining Light {Spirit Fragile +Blink Str+3 Slay+6} (You took it off a seraph in Pandemonium)
 76171 | Pan      | Found a glowing golden altar of the Shining One.
 77310 | Pan      | Lost mutation: Scrolls take you a little longer to read. [potion of mutation]
 77310 | Pan      | Lost mutation: You are very weak. (Str -4) [potion of mutation]
 77310 | Pan      | Lost mutation: Your body sometimes deteriorates upon taking damage. [potion of mutation]
 77310 | Pan      | Gained mutation: You are very frail. (-20% HP) [potion of mutation]
 77310 | Pan      | Gained mutation: You have sharp toenails. [potion of mutation]
 77311 | Pan      | Lost mutation: You are weak. (Str -2) [potion of mutation]
 77311 | Pan      | Lost mutation: Armour fits poorly on your strangely shaped body. [potion of mutation]
 77311 | Pan      | Lost mutation: You are clumsy. (Dex -2) [potion of mutation]
 77311 | Pan      | Gained mutation: You are covered in fur. (AC +1) [potion of mutation]
 77312 | Pan      | Lost mutation: You sometimes yell uncontrollably at your foes. [potion of mutation]
 77312 | Pan      | Lost mutation: You are very frail. (-20% HP) [potion of mutation]
 77312 | Pan      | Lost mutation: You do not regenerate when monsters are visible. [potion of mutation]
 77312 | Pan      | Lost mutation: You are frail. (-10% HP) [potion of mutation]
 77312 | Pan      | Gained mutation: You are partially covered in icy blue scales. (AC +2) [potion of mutation]
 77312 | Pan      | Gained mutation: You have a pair of large horns on your head. [potion of mutation]
 78012 | Pan      | Noticed Ryalien the pandemonium lord
 78029 | Pan      | Cast into level 3 of the Abyss (demon trident of distortion)
 78466 | Abyss:3  | Noticed an ancient lich
 78478 | Abyss:3  | Killed an ancient lich
 78510 | Pan      | Escaped the Abyss
 78523 | Pan      | Reached skill level 27 in Dodging
 79423 | Pan      | Received a gift from Okawaru
 79426 | Pan      | Got a pitted demon blade {god gift}
 79427 | Pan      | Identified the +1 demon blade of Light {drain, rF++} (Okawaru gifted it to you in Pandemonium)
 79842 | Pan      | Killed Ryalien the pandemonium lord
 79911 | Pan      | Gained mutation: Your magical capacity is extremely low. (-30% MP) [a cacodemon]
 79933 | Pan      | Lost mutation: You have sharp toenails. [a neqoxec]
 79971 | Pan      | Gained mutation: You are weak. (Str -2) [a neqoxec]
 80059 | Pan      | Got a heavily runed shield
 80070 | Pan      | Identified the +3 shield of Bad Feelings {+Fly rPois MR++ Int-5} (You found it in Pandemonium)
 80070 | Pan      | Lost intelligence.
 80244 | Pan      | Lost intelligence.
 80244 | Pan      | Gained mutation: You are dopey. (Int -2) [a neqoxec]
 80511 | Pan      | Noticed Emnis the pandemonium lord
 80531 | Pan      | Killed Emnis the pandemonium lord
 80531 | Pan      | Received a gift from Okawaru
 80554 | Pan      | Got a bloodstained chain mail {god gift}
 80555 | Pan      | Identified the +0 chain mail "Gyut" {rC+ Dex+8} (Okawaru gifted it to you in Pandemonium)
 82796 | Pan      | Found an exit through the horrors of the Abyss.
 83120 | Pan      | Entered the realm of Gloorx Vloq.
 83120 | Pan      | Noticed Gloorx Vloq
 83133 | Pan      | Killed Gloorx Vloq
 83140 | Pan      | HP: 12/272 [soul eater/drain life (4)]
 83146 | Pan      | HP: 4/273 [titan zombie[a curse skull] (17)]
 83216 | Pan      | Got a dark rune of Zot
 83966 | Pan      | Received a gift from Okawaru
 84134 | Pan      | Found an exit through the horrors of the Abyss.
 84805 | Pan      | Noticed Vaf Gou the pandemonium lord
 84829 | Pan      | Killed Vaf Gou the pandemonium lord
 86080 | Pan      | Noticed Cupresh the pandemonium lord
 86102 | Pan      | Killed Cupresh the pandemonium lord
 86229 | Pan      | Received a gift from Okawaru
 86830 | Pan      | Entered the realm of Cerebov.
 86845 | Pan      | Found an exit through the horrors of the Abyss.
 87419 | Pan      | Noticed Cerebov
 87682 | Pan      | Identified the Incunabulum of Burning Creation
 88440 | Pan      | Got a pair of bloodstained gloves
 88452 | Pan      | Identified the +2 pair of gloves of the Garden {rF- rC- MR+++ Regen+} (You found it in Pandemonium)
 88525 | Pan      | Killed Cerebov
 88525 | Pan      | Received a gift from Okawaru
 88834 | Pan      | Got a fiery rune of Zot
 89245 | Pan      | Noticed Boishri Reul the pandemonium lord
 89269 | Pan      | Killed Boishri Reul the pandemonium lord
 89294 | Pan      | Gained mutation: You are frail. (-10% HP) [a neqoxec]
 89305 | Pan      | Gained mutation: You sometimes yell uncontrollably at your foes. [a neqoxec]
 89311 | Pan      | Gained mutation: Armour fits poorly on your strangely shaped body. [a neqoxec]
 89994 | Pan      | Found an exit through the horrors of the Abyss.
 90261 | Pan      | Found a huge runed gate.
 90261 | Pan      | Noticed Rybuz the pandemonium lord
 90271 | Pan      | Killed Rybuz the pandemonium lord
 90417 | Pan      | Received a gift from Okawaru
 90826 | Pan      | Found an exit through the horrors of the Abyss.
 91117 | Pan      | Entered the realm of Lom Lobon.
 91529 | Pan      | Noticed Lom Lobon
 91557 | Pan      | Killed Lom Lobon
 91582 | Pan      | Got a magical rune of Zot
 91633 | Pan      | Received a gift from Okawaru
 91642 | Pan      | Got a pair of dazzling gloves {god gift}
 91687 | Pan      | Identified the +0 pair of gloves "Gunoit" {rElec MR++ Regen+ Str-4} (Okawaru gifted it to you in Pandemonium)
 91983 | Pan      | Found an exit through the horrors of the Abyss.
 92368 | Pan      | Lost intelligence.
 92464 | Pan      | Lost mutation: You have a pair of large horns on your head. [potion of mutation]
 92464 | Pan      | Lost mutation: You are frail. (-10% HP) [potion of mutation]
 92464 | Pan      | Lost mutation: You are covered in fur. (AC +1) [potion of mutation]
 92464 | Pan      | Gained mutation: You have sharp toenails. [potion of mutation]
 92521 | Pan      | Found a runed door.
 92626 | Pan      | Found an exit through the horrors of the Abyss.
 92776 | Pan      | Gained mutation: Your body sometimes deteriorates upon taking damage. [a neqoxec]
 93072 | Pan      | Noticed Hedara the pandemonium lord
 93085 | Pan      | Killed Hedara the pandemonium lord
 93178 | Depths:3 | Escaped Pandemonium
 93668 | Temple   | Fell from the grace of Okawaru
 93668 | Temple   | Became a worshipper of the Shining One
 93909 | Geh:1    | Entered Level 1 of Gehenna
 93922 | Geh:1    | Reached * piety under the Shining One
 93952 | Geh:1    | Reached ** piety under the Shining One
 93998 | Geh:1    | Reached *** piety under the Shining One
 94131 | Geh:1    | Reached **** piety under the Shining One
 94173 | Geh:1    | Reached ***** piety under the Shining One
 94334 | Geh:1    | Reached ****** piety under the Shining One
 95339 | Geh:7    | Entered Level 7 of Gehenna
 96324 | Geh:7    | Reached skill level 27 in Long Blades
 96615 | Geh:7    | Noticed the Serpent of Hell
 96965 | Geh:7    | Killed the Serpent of Hell
 96992 | Geh:7    | Gained mutation: You tend to lose your temper in combat. [mutagenic glow]
 97203 | Geh:7    | Noticed Asmodeus
 97228 | Geh:7    | Killed Asmodeus
 97288 | Geh:7    | Identified the +2 pair of boots of Broken Taboos {Str+3} (You found it on level 7 of Gehenna)
 97301 | Geh:7    | Got a slimy golden amulet
 97302 | Geh:7    | Identified the amulet of Sepre {Spirit Dex+3} (You found it on level 7 of Gehenna)
 97329 | Geh:7    | Got a scorched ruby amulet
 97330 | Geh:7    | Identified the amulet "Ricueb" {Inacc Dex+3} (You found it on level 7 of Gehenna)
 97338 | Geh:7    | Got an obsidian rune of Zot
 97825 | Coc:1    | Entered Level 1 of Cocytus
 98769 | Coc:7    | Entered Level 7 of Cocytus
 99955 | Coc:7    | Was forgiven by Okawaru
100012 | Coc:7    | Got a scorched wooden ring
100013 | Coc:7    | Identified the ring "Maesy" {rC+ MR+ Slay+5} (You found it on level 7 of Cocytus)
100014 | Coc:7    | Identified the Handbook of Fetching Necromancy
100017 | Coc:7    | Got a translucent bone ring
100018 | Coc:7    | Identified the ring of Cheibriados's Hatred {AC+5 SInv} (You found it on level 7 of Cocytus)
100810 | Coc:7    | Noticed Antaeus
100837 | Coc:7    | Killed Antaeus
100878 | Coc:7    | Got an icy rune of Zot
101093 | Tar:1    | Entered Level 1 of Tartarus
101760 | Tar:7    | Entered Level 7 of Tartarus
101774 | Tar:7    | Reached skill level 27 in Invocations
102171 | Tar:7    | Noticed an ancient lich
102185 | Tar:7    | Killed an ancient lich
102637 | Tar:7    | Lost intelligence.
102645 | Tar:7    | Noticed an ancient lich
102653 | Tar:7    | Killed an ancient lich
103052 | Tar:7    | Noticed Ereshkigal
103075 | Tar:7    | Killed Ereshkigal
103102 | Tar:7    | Got a bone rune of Zot
103119 | Tar:7    | Reached skill level 27 in Evocations
103174 | Tar:7    | Reached skill level 1 in Spellcasting
103272 | Tar:7    | Identified the Catalogue of the Seven Hells
103276 | Tar:7    | Got a scintillating silver ring
103277 | Tar:7    | Identified the cursed ring "Forget-Me-Not" {+Fly rC+ rN+ AC-3 Dex+3 SInv} (You found it on level 7 of Tartarus)
103296 | Tar:7    | Got a flickering bronze amulet
103297 | Tar:7    | Identified the amulet "Kieclihe" {RegenMP rC+ rN+ Int+2} (You found it on level 7 of Tartarus)
103308 | Tar:7    | Identified the Reference Book on Summoning
103643 | Dis:1    | Entered Level 1 of the Iron City of Dis
103663 | Dis:1    | Reached skill level 5 in Spellcasting
103681 | Dis:1    | Lost intelligence.
104246 | Dis:4    | Lost intelligence.
105020 | Dis:7    | Entered Level 7 of the Iron City of Dis
105194 | Dis:7    | Reached skill level 10 in Spellcasting
105498 | Dis:7    | Gained mutation: Your body often deteriorates upon taking damage. [a cacodemon]
105527 | Dis:7    | Gained mutation: You are frail. (-10% HP) [a cacodemon]
106094 | Dis:7    | Noticed Dispater
106114 | Dis:7    | Killed Dispater
106171 | Dis:7    | Got an iron rune of Zot
106771 | Dis:7    | Found the +2 cloak of the Thief {+Fog Slay-2 SInv Stlth+}
106781 | Dis:7    | Identified the Collected Works on Burning Toxins
106934 | Hell     | Learned a level 1 spell: Apportation
107265 | Tomb:1   | Entered Level 1 of the Tomb of the Ancients
107391 | Tomb:1   | Reached skill level 1 in Translocations
107500 | Tomb:1   | Noticed a greater mummy
107519 | Tomb:1   | Killed a greater mummy
108058 | Tomb:2   | Noticed a greater mummy
108062 | Tomb:2   | Noticed a greater mummy
108067 | Tomb:2   | Noticed a greater mummy
108070 | Tomb:2   | Killed a greater mummy
108088 | Tomb:2   | Killed a greater mummy
108090 | Tomb:2   | Killed a greater mummy
108090 | Tomb:2   | Reached skill level 5 in Translocations
108095 | Tomb:2   | Noticed an ancient lich
108101 | Tomb:2   | Killed an ancient lich
108461 | Tomb:1   | Noticed a greater mummy
108473 | Tomb:1   | Killed a greater mummy
108519 | Tomb:1   | Noticed a greater mummy
108519 | Tomb:1   | Noticed a greater mummy
108521 | Tomb:1   | Noticed a greater mummy
108528 | Tomb:1   | Noticed a greater mummy
108533 | Tomb:1   | Killed a greater mummy
108533 | Tomb:1   | Reached skill level 15 in Spellcasting
108537 | Tomb:1   | Killed a greater mummy
108543 | Tomb:1   | Killed a greater mummy
108551 | Tomb:1   | Killed a greater mummy
108553 | Tomb:1   | Noticed a greater mummy
108558 | Tomb:1   | Noticed a greater mummy
108563 | Tomb:1   | Killed a greater mummy
108564 | Tomb:1   | Noticed a greater mummy
108568 | Tomb:1   | Killed a greater mummy
108579 | Tomb:1   | Killed a greater mummy
108602 | Tomb:1   | Noticed a greater mummy
108612 | Tomb:1   | Killed a greater mummy
108624 | Tomb:1   | Noticed a greater mummy
108625 | Tomb:1   | Noticed a greater mummy
108633 | Tomb:1   | Killed a greater mummy
108638 | Tomb:1   | Killed a greater mummy
108638 | Tomb:1   | Noticed a greater mummy
108640 | Tomb:1   | Noticed a greater mummy
108653 | Tomb:1   | Killed a greater mummy
108654 | Tomb:1   | Killed a greater mummy
108851 | Tomb:1   | Noticed a greater mummy
108859 | Tomb:1   | Killed a greater mummy
108869 | Tomb:1   | Noticed a greater mummy
108873 | Tomb:1   | Noticed a greater mummy
108877 | Tomb:1   | Killed a greater mummy
108885 | Tomb:1   | Killed a greater mummy
109088 | Tomb:1   | Noticed a greater mummy
109097 | Tomb:1   | Noticed a greater mummy
109100 | Tomb:1   | Killed a greater mummy
109101 | Tomb:1   | Noticed a greater mummy
109108 | Tomb:1   | Noticed a greater mummy
109109 | Tomb:1   | Killed a greater mummy
109111 | Tomb:1   | Killed a greater mummy
109115 | Tomb:1   | Noticed a greater mummy
109118 | Tomb:1   | Killed a greater mummy
109126 | Tomb:1   | Killed a greater mummy
109674 | Tomb:3   | Entered Level 3 of the Tomb of the Ancients
109681 | Tomb:3   | Noticed Mara
109690 | Tomb:3   | Noticed a greater mummy
109690 | Tomb:3   | Noticed Jory
109692 | Tomb:3   | Noticed a greater mummy
109694 | Tomb:3   | Killed Mara
109696 | Tomb:3   | Noticed a greater mummy
109697 | Tomb:3   | Noticed a greater mummy
109699 | Tomb:3   | Noticed Khufu
109701 | Tomb:3   | Noticed a greater mummy
109702 | Tomb:3   | HP: 2/218 [greater mummy/divine providence (9)]
109703 | Tomb:3   | Succumbed to an ushabti's dark miasma

Skill      XL: |  1  2  3  4  5  6  7  8  9 10 11 12 13 14 15 16 17 18 19 20 21 22 23 24 25 26 27 |
---------------+----------------------------------------------------------------------------------+-----
Long Blades    | 3 4 5 6 7 9 11 12 13 14 27 | 27.0
Dodging        | 2 4 6 7 9 10 12 13 14 15 16 17 18 19 20 21 22 23 27 | 27.0
Fighting       | 4 6 7 9 10 12 13 14 15 16 17 18 19 20 21 22 23 24 27 | 27.0
Armour         | 4 6 7 9 10 11 13 14 15 16 17 18 19 20 21 22 23 24 27 | 27.0
Shields        | 4 6 7 9 10 12 13 14 15 16 17 18 19 20 21 22 23 24 27 | 27.0
Invocations    | 1 3 5 6 8 9 10 11 12 27 | 27.0
Evocations     | 3 5 7 8 10 27 | 27.0
Spellcasting   | 16 | 16.1
Translocations | 9 |  9.8

Action                   |  1- 3 |  4- 6 |  7- 9 | 10-12 | 13-15 | 16-18 | 19-21 | 22-24 | 25-27 || total
-------------------------+-------+-------+-------+-------+-------+-------+-------+-------+-------++-------
Melee: Long sword        |    57 |   124 |   310 |   128 |       |       |       |       |       ||   619
       Headbutt          |    11 |    18 |    93 |   234 |   482 |   582 |   558 |  1076 |  5639 ||  8693
       Scimitar          |       |       |       |   506 |       |    11 |       |       |       ||   517
       Falchion          |       |       |       |   101 |    47 |       |       |       |       ||   148
       Rapier            |       |       |       |     6 |    13 |       |       |       |       ||    19
       Demon blade       |       |       |       |       |  1319 |  1522 |  1284 |  2574 |  7020 || 13719
       Eudemon blade     |       |       |       |       |       |       |       |       |  6840 ||  6840
       Double sword      |       |       |       |       |       |       |       |       |   519 ||   519
Invok: Heroism           |       |       |       |     3 |     1 |     3 |       |     3 |    35 ||    45
       Finesse           |       |       |       |     2 |     1 |     3 |       |     3 |    37 ||    46
       Cleansing Flame   |       |       |       |       |       |       |       |       |    30 ||    30
       Divine Shield     |       |       |       |       |       |       |       |       |     6 ||     6
       Summon Divine War |       |       |       |       |       |       |       |       |     4 ||     4
Evoke: Wand              |       |       |       |       |       |     4 |       |       |     9 ||    13
  Use: Scroll            |       |       |       |    20 |    10 |     3 |     4 |     6 |    55 ||    98
       Potion            |       |       |       |       |       |     1 |     1 |       |    34 ||    36
 Stab: Distracted        |       |       |       |       |     1 |     1 |       |       |     4 ||     6
       Confused          |       |       |       |       |       |       |       |       |     3 ||     3
       Petrifying        |       |       |       |       |       |       |       |       |     2 ||     2
  Eat: Chunk             |       |     6 |    12 |    16 |    27 |    17 |    18 |    19 |   110 ||   225
       Ration            |       |       |       |       |     2 |     2 |       |     5 |    35 ||    44
Armor: Scale mail        |    19 |    14 |       |    22 |    30 |       |       |       |       ||    85
       Chain mail        |       |    32 |    63 |       |       |       |       |       |       ||    95
       Plate armour      |       |       |    22 |   118 |   102 |   206 |    98 |   183 |    32 ||   761
       Crystal plate arm |       |       |       |       |    21 |       |       |       |       ||    21
       Gold dragon scale |       |       |       |       |       |       |       |       |  2161 ||  2161
Dodge: Dodged            |    17 |    14 |    42 |   161 |   556 |   889 |   490 |  1167 |  7078 || 10414
       Deflected         |       |       |       |       |    17 |    36 |    13 |    11 |       ||    77
Block: Shield            |    26 |    74 |   184 |   533 |  1002 |       |       |       |       ||  1819
       Reflection        |       |     1 |     9 |    32 |    30 |   185 |    87 |   110 |   308 ||   762
       Large shield      |       |       |       |       |    41 |  1975 |  1365 |  2772 | 16377 || 22530
       Rpst.: Long sword |     5 |     1 |     9 |     4 |       |       |       |       |       ||    19
       Scimitar          |       |       |       |    24 |       |     1 |       |       |       ||    25
       Falchion          |       |       |       |     7 |     3 |       |       |       |       ||    10
       Demon blade       |       |       |       |       |   107 |   115 |   100 |   192 |   588 ||  1102
       Eudemon blade     |       |       |       |       |       |       |       |       |   389 ||   389
       Double sword      |       |       |       |       |       |       |       |       |    32 ||    32
